 Dungeon Crawl Stone Soup version 0.31.0-11-ge490571c62 (webtiles) character file.

Game seed: 17772413977610343600

161 qw the Ducker (level 5, 0/27 HPs)
             Began as a Spriggan Hunter on Feb 4, 2024.
             Succumbed to an orc's poison
             ... on level 3 of the Dungeon.
             The game lasted 00:00:36 (1776 turns).

qw the Ducker (Spriggan Hunter)                     Turns: 1776, Time: 00:00:37

Health: 0/27       AC:  2    Str:  7    XL:     5   Next: 19%
Magic:  6/6        EV: 20    Int: 10    God:
Gold:   61         SH:  0    Dex: 21    Spells: 4/4 levels left

rFire   + . .        a - +0 shortbow
rCold   . . .        (shield currently unavailable)
rNeg    . . .        e - +0 robe {rF+}
rPois   .            (helmet restricted)
rElec   .            (no cloak)
rCorr   .            (gloves unavailable)
SInv    +            (boots unavailable)
Will    .....        (no amulet)
Stlth   ++           (no ring)
HPRegen 0.24/turn    (no ring)
MPRegen 0.10/turn

%: no passive effects
@: lethally poisoned (0 -> -17), about to teleport, very quick
A: very small, no large weapons, unfitting armour, see invisible, speed 3
a: no special abilities


You were on level 3 of the Dungeon.
You visited 1 branch of the dungeon, and saw 3 of its levels.

You collected 61 gold pieces.


Innate Abilities, Weirdness & Mutations

You are very small and have problems with some larger weapons.
You are too small for most types of armour.
You have supernaturally acute eyesight. (SInv)
You cover ground extremely quickly. (Speed+++)


   Skills:
 - Level 2.3 Fighting
 + Level 5.1 Ranged Weapons
 - Level 5.1 Dodging
 - Level 1.5 Stealth


You had 4 spell levels left.
You didn't know any spells.
Your spell library was empty.

Inventory:

Hand Weapons
 a - a +0 shortbow (weapon)
Armour
 e - a +0 robe of fire resistance (worn)
 j - a +0 cloak
Wands
 c - a wand of quicksilver (9)
 g - a wand of mindburst (16)
 k - a wand of flame (12)
Scrolls
 b - a scroll of teleportation
 d - a scroll of identify
 f - a scroll of poison {unknown}
 h - a scroll of noise {unknown}
Potions
 i - a potion of curing

Dungeon Overview and Level Annotations

Branches:
Dungeon (3/15)

Altars:

Shops:
D:1 [


Message History

The orc burns you.
You shoot an arrow. The arrow hits the orc.
You kill the orc!
The orc hits you with a +0 dagger.
You shoot an arrow. The arrow hits the orc.
The orc is moderately wounded.
The orc misses you. The orc closely misses you.
You shoot an arrow. The arrow hits the orc.
You kill the orc!
The orc misses you.
You shoot an arrow. The arrow hits the orc.
The orc is severely wounded.
The orc hits you with a +2 dagger of venom.
You are poisoned.
You shoot an arrow. The arrow hits the orc.
The orc is almost dead.
You feel sick. The orc misses you.
You shoot an arrow.
The arrow hits the orc but does no damage.
The orc is almost dead.
You feel sick.
The orc hits you with a +2 dagger of venom.
You shoot an arrow.
The arrow hits the orc but does no damage.
The orc is almost dead.
You feel sick.
The orc hits you with a +2 dagger of venom.
You are lethally poisoned!
The orc misses you.
You shoot an arrow. The arrow barely misses the orc.
You feel very sick. The orc misses you.
1775 ||| READING 2 scrolls of teleportation.
As you read the scroll of teleportation, it crumbles to dust.
You feel strangely unstable.
You feel sick.
The orc hits you with a +2 dagger of venom.
You are more poisoned.
You shoot an arrow. The arrow barely misses the orc.
You die...

.......##
#........ ...
#........ ..
#.......? ..
#........ .
#........
#.#o)......
#.#@########
#[..........
###.##########
#..........#
##########.#
#.# #.# #.#
#.#


You could see an orc.

Vanquished Creatures
  A bombardier beetle (D:3)
  Jessica (D:2)
  An iguana (D:3)
  A dart slug (D:3)
  A ribbon worm (D:2)
  2 orcs (D:3)
  9 bats
  7 endoplasms
  3 giant cockroaches
  3 goblins
  6 hobgoblins
  5 jackals
  3 quokkas
  7 ball pythons
  2 frilled lizards (D:1)
  3 kobolds
  7 rats
62 creatures vanquished.

Notes
Turn   | Place    | Note
-------+----------+-------------------------------------------
     0 | D:1      | qw the Spriggan Hunter began the quest for the Orb.
     0 | D:1      | Reached XP level 1. HP: 10/10 MP: 2/2
     0 | D:1      | 0 ||| qw: Version: 0.3-a-160-g6735b56
     0 | D:1      | 0 ||| qw: Game counter: 5802
     0 | D:1      | 0 ||| qw: Melee chars always use a shield: true
     0 | D:1      | 0 ||| qw: God list: Okawaru
     0 | D:1      | 0 ||| qw: Allow faded altars: false
     0 | D:1      | 0 ||| qw: Do Orc after clearing Dungeon:15 true
     0 | D:1      | 0 ||| qw: Do second Lair branch before Depths: true
     0 | D:1      | 0 ||| qw: Lair rune preference: random
     0 | D:1      | 0 ||| qw: Goals: Normal
     0 | D:1      | 0 ||| PLANNING D:1-11
    50 | D:1      | Reached skill level 3 in Dodging
   121 | D:1      | Reached XP level 2. HP: 14/14 MP: 3/3
   138 | D:1      | Found Leileaw's Antique Armour Boutique.
   310 | D:1      | Reached XP level 3. HP: 18/18 MP: 4/4
   674 | D:1      | 674 ||| READING 2 scrolls labelled MYKAEF CIVI.
   675 | D:1      | 675 ||| DROPPING scroll of butterflies.
   749 | D:2      | Noticed Jessica
   752 | D:2      | Killed Jessica
   848 | D:2      | Reached XP level 4. HP: 22/22 MP: 5/5
  1228 | D:2      | 1228 ||| UPGRADING to +0 robe of fire resistance.
  1238 | D:2      | 1238 ||| DROPPING +0 robe.
  1239 | D:2      | 1239 ||| READING 3 scrolls of identify.
  1239 | D:2      | 1239 ||| IDENTIFYING sedimented black potion
  1240 | D:2      | 1240 ||| READING 2 scrolls of identify.
  1240 | D:2      | 1240 ||| IDENTIFYING silvery potion
  1241 | D:2      | 1241 ||| READING scroll of identify.
  1241 | D:2      | 1241 ||| IDENTIFYING fuming coppery potion
  1242 | D:2      | 1242 ||| READING 3 scrolls labelled LUPLEZ HIEGOA.
  1245 | D:2      | 1245 ||| READING scroll labelled VOBRECSU HOIPT.
  1246 | D:2      | 1246 ||| READING scroll labelled RUEMMU LIL NUH.
  1247 | D:2      | 1247 ||| DROPPING potion of ambrosia.
  1248 | D:2      | 1248 ||| DROPPING potion of degeneration.
  1502 | D:3      | Reached XP level 5. HP: 25/27 MP: 6/6
  1774 | D:3      | HP: 6/27 [poisoned by an orc]
  1775 | D:3      | 1775 ||| READING 2 scrolls of teleportation.
  1776 | D:3      | Succumbed to an orc's poison

Levels and vault maps discovered:
D:1:      psy_arrival_fountain, layout_loops_ring, serial_shops,
          nicolae_shop_trees, nrook_loot_triangle
D:2:      layout_rooms, minmay_pentomino_w2, uniq_jessica
D:3:      layout_basic

Skill      XL: |  1  2  3  4 |
---------------+-------------+-----
Dodging        | 3 4 5 |  5.1
Ranged Weapons | 5 |  5.1
Fighting       | 2 |  2.3
Stealth        | |  1.5

Action                     |  1- 3 |  4- 6 || total
---------------------------+-------+-------++-------
   Fire: Shortbow          |   101 |    91 ||   192
    Use: Scroll            |     1 |     7 ||     8
 Armour: Robe              |    13 |    15 ||    28
  Dodge: Dodged            |    42 |    38 ||    80

Table legend:
 A = Non-vault XP
 B = Vault XP
 C = Vault XP percentage of total XP
 D = Non-vault monster count
 E = Vault monster count
 F = Vault count percentage of total count
                 A         B        C        D         E       F
            +---------+---------+-------+---------+---------+-------
      Total |     192 |      39 |  16.9 |      60 |       2 |   3.2
            +---------+---------+-------+---------+---------+-------
        D:1 |      49 |       0 |   0.0 |      29 |       0 |   0.0
        D:2 |      19 |      39 |  67.2 |      12 |       2 |  14.3
        D:3 |     124 |       0 |   0.0 |      19 |       0 |   0.0
            +---------+---------+-------+---------+---------+-------
